Map: Newkirk Precinct TE (Void)

Players

Fropez

  • Race: Protoss Protoss
  • League: Gold
  • Spawn Location: 7:00

Juggernaut - Winner!

  • Race: Terran Terran
  • Spawn Location: 5:00

VOD

Have the link to the VOD?

Description

Time

  • Played on: Dec. 25, 2016, 12:38 p.m.
  • Length: 17:53
Show
View Real Time Build Order
Export as new Build Order

Fropez Protoss 

Build Orders: 1 Gate Expand 

Get SALT Encoding   

  12  0:00  Probe (Chrono Boost)  
  13  0:11  Probe (Chrono Boost)  
  14  0:18  Pylon  
  14  0:26  Probe (Chrono Boost)  
  15  0:36  Gateway  
  15  0:38  Probe (Chrono Boost)  
  16  0:47  Assimilator  
  16  0:49  Probe (Chrono Boost)  
  17  0:59  Probe (Chrono Boost)  
  18  1:20  Nexus  
  18  1:28  Probe (Chrono Boost)  
  19  1:37  Pylon  
  19  1:39  Probe (Chrono Boost)  
  20  1:44  Cybernetics Core  
  20  1:50  Probe (Chrono Boost)  
  21  2:00  Probe (Chrono Boost)  
  22  2:07  Pylon  
  21  2:22  Adept, Warp Gate, Mothership Core (Chrono Boost)  
  25  2:41  Assimilator  
  25  2:46  Probe (Chrono Boost)  
  25  2:47  Probe (Chrono Boost)  
  26  2:56  Probe (Chrono Boost)  
  27  3:12  Gateway  
  27  3:14  Probe (Chrono Boost), Gateway  
  27  3:16  Probe (Chrono Boost)  
  29  3:20  Adept  
  29  3:26  Probe (Chrono Boost)  
  33  3:27  Probe (Chrono Boost)  
  33  3:37  Probe (Chrono Boost)  
  33  3:39  Probe (Chrono Boost)  
  35  3:43  Twilight Council  
  35  3:48  Probe (Chrono Boost)  
  36  3:51  Adept  
  36  3:54  Probe (Chrono Boost)  
  39  3:58  Probe (Chrono Boost)  
  39  3:59  Pylon  
  40  4:06  Resonating Glaives  
  40  4:12  Probe (Chrono Boost)  
  40  4:13  Probe (Chrono Boost)  
  42  4:28  Adept  
  42  4:29  Adept x2  
  48  5:04  Adept x3  
  54  5:12  Pylon  
  54  5:15  Pylon  
  54  5:25  Robotics Facility  
  54  5:28  Dark Shrine  
  54  5:29  Pylon  
  54  5:30  Probe (Chrono Boost)  
  54  5:31  Probe (Chrono Boost)  
  54  5:32  Adept x3  
  62  5:40  Probe (Chrono Boost)  
  64  5:44  Probe (Chrono Boost)  
  64  5:51  Probe (Chrono Boost)  
  65  5:58  Blink  
  65  6:05  Stalker x3  
  65  6:06  Probe (Chrono Boost)  
  65  6:08  Probe (Chrono Boost)  
  73  6:15  Assimilator  
  73  6:17  Probe (Chrono Boost)  
  75  6:19  Assimilator  
  75  6:20  Probe (Chrono Boost)  
  75  6:27  Probe (Chrono Boost)  
  76  6:34  Pylon  
  76  6:37  Nexus, Probe (Chrono Boost)  
  76  6:38  Probe (Chrono Boost)  
  78  6:45  Pylon  
  78  6:48  Pylon  
  78  6:51  Warp Prism  
  80  6:58  Dark Templar x2  
  84  7:02  Probe (Chrono Boost)  
  84  7:03  Probe (Chrono Boost)  
  86  7:14  Forge  
  86  7:21  Stalker  
  88  7:24  Observer  
  89  7:33  Probe (Chrono Boost)  
  89  7:34  Probe (Chrono Boost)  
  89  7:35  Gateway  
  89  7:36  Gateway  
  91  7:41  Stalker x2  
  78  8:06  Stalker x3  
  78  8:12  Probe x2 (Chrono Boost)  
  78  8:13  Probe (Chrono Boost)  
  76  8:26  Probe x2 (Chrono Boost), Protoss Ground Weapons Level 1  
  79  8:28  Probe (Chrono Boost)  
  75  8:44  Probe x2 (Chrono Boost)  
  75  8:46  Probe (Chrono Boost)  
  78  8:50  Assimilator  
  78  8:54  Assimilator  
  78  8:55  Probe (Chrono Boost)  
  79  8:56  Observer  
  80  9:09  Probe (Chrono Boost)  
  82  9:10  Probe (Chrono Boost)  
  82  9:11  Probe (Chrono Boost)  
  83  9:29  Dark Templar  
  83  9:31  Nexus, Archon  
  85  9:34  Assimilator  
  85  9:39  Observer, Assimilator  
  85  9:40  Probe x2 (Chrono Boost)  
  85  9:41  Probe (Chrono Boost)  
  85  9:43  Pylon  
  89  9:47  Pylon  
  88  10:01  Dark Templar  
  90  10:14  Warp Prism  
  92  10:22  Zealot x4  
  100  10:45  Protoss Ground Weapons Level 2  
  94  10:50  Adept x2  
  94  10:51  Adept x3  
  104  11:02  Immortal  
  105  11:27  Stalker x4  
  111  11:59  Stalker  
  113  12:03  Dark Templar x4  
  113  12:04  Probe x3 (Chrono Boost)  
  113  12:05  Probe (Chrono Boost)  
  105  12:37  Dark Templar x2  
  105  12:57  Dark Templar x2  
  78  13:41  Assimilator  
  70  13:43  Pylon  
  70  13:44  Pylon  
  70  13:45  Pylon  
  70  13:46  Pylon  
  68  13:55  Nexus  
  60  14:36  Observer  
  60  14:38  Dark Templar x4  
  68  14:56  Mothership Core (Chrono Boost)  
  59  15:17  Assimilator  
  23  16:52  Probe (Chrono Boost), Gateway  
  23  16:54  Nexus, Gateway  
  25  16:56  Assimilator  
  25  16:57  Pylon  
  25  17:00  Assimilator  
  23  17:03  Probe (Chrono Boost)  
  24  17:12  Gateway  
  24  17:13  Gateway  
Show
View Real Time Build Order
Export as new Build Order

Juggernaut Terran - Winner!

Build Orders: MMM Bio 

Get SALT Encoding   

  12  0:00  SCV  
  13  0:13  SCV  
  14  0:19  Supply Depot  
  14  0:25  SCV  
  15  0:41  SCV  
  15  0:42  Barracks  
  16  0:50  Refinery  
  16  0:53  SCV  
  17  0:58  Supply Depot  
  17  1:05  SCV  
  18  1:17  SCV  
  19  1:22  Refinery  
  19  1:31  Orbital Command  
  19  1:33  Reaper  
  20  1:56  SCV, Barracks  
  22  2:08  SCV  
  22  2:16  Barracks Reactor  
  22  2:20  SCV  
  23  2:23  Factory  
  23  2:26  Supply Depot  
  23  2:32  SCV  
  24  2:44  SCV  
  26  2:52  Barracks Tech Lab  
  26  2:53  Marine x2  
  26  2:56  SCV  
  26  2:58  Engineering Bay  
  28  3:09  SCV  
  29  3:25  Barracks Reactor  
  29  3:26  Cyclone x2  
  35  3:35  Missile Turret  
  35  3:47  Marine, Bunker  
  36  3:50  Stimpack  
  36  3:58  Starport, Cyclone  
  39  4:12  Supply Depot  
  39  4:23  Command Center  
  39  4:34  SCV  
  39  5:02  Marine  
  39  5:03  Marine, Widow Mine x2  
  39  5:06  Medivac  
  47  5:14  Supply Depot  
  47  5:16  Marine  
  47  5:20  Marine  
  49  5:25  Supply Depot  
  49  5:26  Marine  
  50  5:32  Widow Mine  
  52  5:39  Orbital Command  
  52  5:48  Supply Depot  
  51  6:04  Marine, Medivac  
  51  6:05  Marine x2  
  51  6:06  Combat Shields  
  54  6:22  Marine  
  55  6:31  Marine x2  
  57  6:33  Medivac  
  57  6:38  Command Center  
  59  6:40  Marine  
  59  6:45  Barracks  
  60  6:48  Widow Mine  
  60  6:49  Marine  
  63  6:58  Marine x2  
  65  7:01  Widow Mine  
  65  7:06  SCV  
  65  7:07  Marine  
  69  7:14  Supply Depot  
  69  7:15  Marine  
  70  7:27  Medivac  
  70  7:28  Marine  
  70  7:29  Marine  
  74  7:31  Concussive Shells  
  74  7:33  Marine  
  75  7:46  Marine  
  76  7:51  Marine  
  76  7:57  Missile Turret  
  77  8:10  Starport Tech Lab  
  77  8:11  Barracks Tech Lab  
  77  8:15  Missile Turret  
  77  8:17  Missile Turret x2  
  77  8:19  Missile Turret  
  77  8:20  Marine x3  
  77  8:35  Banshee  
  77  8:38  Marine  
  81  8:41  Missile Turret  
  81  8:44  Missile Turret  
  79  8:57  Marine x2  
  79  8:58  Marine x2  
  82  9:15  Marine, SCV x2  
  82  9:16  Marauder x2  
  89  9:18  Raven  
  91  9:27  SCV x2  
  93  9:32  Supply Depot  
  93  9:39  Marine  
  93  9:40  Marine, Marauder  
  97  9:59  Marine x2, Marauder  
  101  10:01  Raven  
  101  10:02  Orbital Command, Marauder  
  101  10:07  Terran Infantry Weapons Level 1  
  105  10:09  Engineering Bay  
  102  10:19  Armory  
  102  10:33  Marine x2  
  102  10:34  Marauder x2  
  108  10:37  Factory Tech Lab  
  108  10:42  Missile Turret  
  107  10:51  Marine  
  107  10:53  Orbital Command  
  107  10:54  Marine  
  107  10:55  Marauder  
  111  11:02  Missile Turret  
  111  11:03  Siege Tank  
  114  11:06  Missile Turret  
  114  11:27  Marine x2, Marauder x2  
  114  11:30  SCV x2  
  120  11:47  Orbital Command  
  110  12:11  Marine  
  110  12:12  Marine, Marauder x2  
  108  12:27  SCV x2  
  108  12:29  Marine  
  110  12:33  Marauder  
  110  12:34  Marauder  
  113  12:39  SCV x2  
  116  12:51  SCV  
  105  13:18  Marine  
  105  13:19  Marauder x2  
  110  13:21  Orbital Command  
  100  13:38  Barracks  
  100  13:40  Orbital Command  
  96  13:52  Marine, Marauder  
  91  13:56  SCV  
  91  13:57  SCV  
  91  14:01  Widow Mine  
  95  14:08  SCV  
  95  14:09  SCV  
  97  14:18  Raven  
  97  14:19  Orbital Command  
  97  14:20  SCV  
  97  14:21  SCV  
  100  14:32  SCV  
  100  14:33  SCV  
  102  14:44  SCV  
  103  14:46  SCV  
  103  15:00  Missile Turret  
  103  15:01  Medivac  
  103  15:03  Missile Turret  
  105  15:26  Marine  
  105  15:27  Marine, Marauder x2  
  109  15:44  Marine  
  109  15:46  Marine  
  109  15:48  Marauder x2  
  109  15:49  Marine  
  115  16:02  Marine, Orbital Command  
  112  16:04  Marine  
  112  16:10  Marauder x2  
  117  16:20  Marine  
  119  16:32  SCV  
  119  16:33  SCV  
  120  16:48  SCV  
  121  16:54  Siege Tank  
  121  17:00  SCV  
  125  17:30  Supply Depot  
  125  17:31  Supply Depot  
  125  17:34  Supply Depot  
  125  17:35  Missile Turret  
Tags
 
Composition
MMM Bio
League
Gold
Matchup
PvT
Replay Pack
All Mines
Spawn Locations
Close Positions
Add a new tag
Caveats
  • Supply blocks, unpowered buildings, or Contaminate may cause inaccurate times.
  • Supply counts are checked every 10 seconds.